 Dungeon Crawl Stone Soup version 0.18.1-50-g88ac8fd (webtiles) character file.

153 magog001 the Shield-Bearer (level 5, -1/33 HPs)
             Began as a Gargoyle Fighter on Oct 12, 2018.
             Slain by an orc priest
             ... wielding a +0 hand axe
              (2 damage)
             ... on level 3 of the Dungeon.
             The game lasted 00:12:00 (2047 turns).

magog001 the Shield-Bearer (Gargoyle Fighter)       Turns: 2047, Time: 00:12:00

Health: -1/33      AC: 13    Str: 25    XL:     5   Next: 35%
Magic:  5/5        EV:  7    Int:  9    God:
Gold:   115        SH: 10    Dex:  9    Spells: 0 memorised, 4 levels left

rFire  . . .     SeeInvis .     a - +0 flail
rCold  . . .     Gourm    .     b - +0 scale mail
rNeg   + . .     Faith    .     c - +0 shield
rPois  ∞         Spirit   .     (no helmet)
rElec  +         Dismiss  .     u - +0 cloak {rPois}
rCorr  .         Reflect  .     (no gloves)
SustAt .         Harm     .     t - +0 pair of boots
MR     .....                    (no amulet)
Stlth  ..........               (no ring)
                                (no ring)

@: mighty, not resistant to hostile enchantments, extremely unstealthy
A: negative energy resistance 1, electricity resistance, unbreathing,
petrification resistance, rot immunity, AC +4
a: no special abilities


You were on level 3 of the Dungeon.
You were not hungry.

You visited 1 branch of the dungeon, and saw 3 of its levels.

You collected 115 gold pieces.

Inventory:

Hand Weapons
 a - a +0 flail (weapon)
 q - a +0 hunting sling
Missiles
 k - 20 sling bullets
Armour
 b - a +0 scale mail (worn)
 c - a +0 shield (worn)
 t - a +0 pair of boots (worn)
 u - a +0 cloak of poison resistance (worn)
Scrolls
 e - 2 scrolls of identify {unknown}
 h - 4 scrolls of enchant weapon {unknown}
 j - a scroll of blinking {unknown}
 o - 2 scrolls of immolation {unknown}
 r - a scroll of recharging {unknown}
 s - a scroll of enchant armour {unknown}
 v - a scroll of remove curse {unknown}
Potions
 i - a potion of beneficial mutation {unknown}
 l - 2 potions of curing {unknown}
 m - 3 potions of haste {unknown}
 p - 2 potions of mutation {unknown}
 w - a potion of agility {unknown}
Comestibles
 f - 6 bread rations
 g - a chunk of flesh
 n - 2 meat rations


   Skills:
 * Level 4.0 Fighting
 * Level 2.8 Maces & Flails
 + Level 0.6 Slings
 * Level 4.1 Armour
 * Level 4.7 Shields


You had 4 spell levels left.
You didn't know any spells.

Dungeon Overview and Level Annotations

Branches:
Dungeon (3/15)

Altars:
Trog


Innate Abilities, Weirdness & Mutations

You are resistant to torment.
Your stone body is resilient (AC +4).
You are immune to poison.
You resist negative energy.
You are resistant to electric shocks.
You can survive without breathing.
You are immune to petrification.
You are immune to rotting.


Message History

You barely miss the orc.
The orc is heavily wounded.
The orc hits you but does no damage.
Wield which item (- for none, * to show all)? (? for menu, Esc to quit)
Okay, then.
Drink which item? (? for menu, Esc to quit)
You feel very mighty all of a sudden. You block the orc's attack.
You sock the orc!
You kill the orc!
The orc priest completely misses you.
Your shield and scale mail prevent you from hitting the orc priest.
You block the orc priest's attack.
You sock the orc priest!
The orc priest is severely wounded.
The orc priest hits you but does no damage.
You barely miss the orc priest.
The orc priest is severely wounded.
The orc priest hits you with a hand axe.
You die...

#.# o.# #
#.. #.#.#
o#.## ...
#.#
#.########
#.o@.....#
########.#
#.# #.#
#.# #.#
#.# #.#
#.#


You could see an orc priest.

Vanquished Creatures
  7 adders
  A gnoll (D:1)
  A worm (D:3)
  A dart slug (D:2)
  7 orcs (D:3)
  7 bats
  3 giant cockroaches
  9 goblins
  11 hobgoblins
  A quokka (D:2)
  7 ball pythons
  3 giant newts
  3 kobolds
  7 rats
  A plant (D:2)
69 creatures vanquished.

Notes
Turn   | Place    | Note
--------------------------------------------------------------
     0 | D:1      | magog001 the Gargoyle Fighter began the quest for the Orb.
     0 | D:1      | Reached XP level 1. HP: 14/14 MP: 1/1
    30 | D:1      | Reached XP level 2. HP: 19/19 MP: 2/2
   207 | D:1      | Reached XP level 3. HP: 18/24 MP: 3/3
   718 | D:2      | Reached XP level 4. HP: 29/29 MP: 4/4
   866 | D:2      | Found a bloodstained altar of Trog.
  1345 | D:3      | Reached XP level 5. HP: 28/33 MP: 5/5
  2041 | D:3      | HP: 1/33 [orc priest/divine providence (11)]
  2047 | D:3      | Slain by an orc priest

Skill      XL: |  1  2  3  4  5 |
---------------+----------------+-----
Shields        | 4 |  4.7
Armour         | 4 |  4.1
Fighting       | 4 |  4.0
Maces & Flails | |  2.8
Slings         | |  0.6

Action                   |  1- 3 |  4- 6 || total
-------------------------+-------+-------++-------
Melee: Flail             |   122 |   108 ||   230
 Fire: Hunting sling     |       |   104 ||   104
  Use: Potion            |       |     1 ||     1
  Eat: Chunk             |       |     2 ||     2
       Royal jelly       |       |     1 ||     1
Armor: Scale mail        |    77 |    94 ||   171
Dodge: Dodged            |    53 |    51 ||   104
Block: Shield            |    73 |    73 ||   146
